 Dungeon Crawl Stone Soup version 0.20-a0-830-g2c9a30d (webtiles) character file.

92 krabocopter the Sneak (level 4, 0/29 HPs)
             Began as an Octopode Assassin on Mar 6, 2017.
             Slain by an orc wizard
             ... wielding a +0 dagger
              (2 damage)
             ... on level 3 of the Dungeon.
             The game lasted 00:06:13 (1602 turns).

krabocopter the Sneak (Octopode Assassin)           Turns: 1602, Time: 00:06:14

Health: 0/29       AC:  1    Str: 10    XL:     4   Next: 60%
Magic:  4/4        EV: 13    Int: 13    God:
Gold:   103        SH:  0    Dex: 14    Spells: 3/3 levels left

rFire    . . .     SeeInvis .   a - +2 dagger
rCold    . . .     Gourm    .   (no shield)
rNeg     . . .     Faith    .   (helmet restricted)
rPois    .         Spirit   .   (no amulet)
rElec    .         Reflect  .   (no ring)
rCorr    .         Harm     .   (no ring)
MR       .....                  (no ring)
Stlth    ++++......             (no ring)
Regen    0.1/turn               (no ring)
MPRegen  0.1/turn               (no ring)
                                (no ring)
                                (no ring)

@: invisible
A: almost no armour, stealthy swim, amphibious, 8 rings, constrict 8, camouflage
1, gelatinous body 1
a: no special abilities


You were on level 3 of the Dungeon.
You were not hungry.

You visited 1 branch of the dungeon, and saw 3 of its levels.

You collected 103 gold pieces.

Inventory:

Hand Weapons
 a - a +2 dagger (weapon)
 b - a +0 blowgun
Missiles
 c - 24 poisoned needles
 d - 2 curare-tipped needles
Scrolls
 i - a scroll of recharging {unknown}
 j - 3 scrolls of identify {unknown}
 k - 2 scrolls of remove curse {unknown}
 o - 2 scrolls of enchant weapon {unknown}
 q - 2 scrolls of teleportation {unknown}
Potions
 e - a potion of cancellation {unknown}
 l - a potion of degeneration {unknown}
 m - a potion of might {unknown}
 n - a potion of curing {unknown}
 p - a potion of haste {unknown}
 t - a potion of heal wounds {unknown}
Comestibles
 f - 3 bread rations
 g - 6 chunks of flesh
 h - 3 royal jellies
 r - 4 fruits


   Skills:
 - Level 2.0 Fighting
 + Level 3.0 Short Blades
 - Level 2.0 Throwing
 + Level 2.2 Dodging
 + Level 6.7 Stealth


You had 3 spell levels left.
You didn't know any spells.

Dungeon Overview and Level Annotations

Branches:
Dungeon (3/15)

Altars:


Innate Abilities, Weirdness & Mutations

You cannot wear most types of armour.
You are very stealthy in the water. (Stealth+)
You are amphibious.
You can wear up to eight rings at the same time.
You can use your tentacles to constrict eight enemies at once.
Your skin changes colour to match your surroundings (Stealth+).
Your rubbery body absorbs attacks. (AC +1, EV +1)


Message History

You hit the orc. You grab the orc.
You constrict the orc, but do no damage.
The orc hits you with a dagger.
You take 2 damage, and have 17/29 hp.
You hit the orc. You constrict the orc. The orc hits you with a dagger.
You take 2 damage, and have 15/29 hp.
You hit the orc but do no damage. You constrict the orc. Something hits you.
The orc hits you but does no damage.
You take 6 damage, and have 9/29 hp.
MASSIVE DAMAGE!!
You miss something. You constrict the orc. Something hits you.
* * * LOW HITPOINT WARNING * * *
The orc hits you with a dagger.
* * * LOW HITPOINT WARNING * * *
You take 7 damage, and have 2/29 hp.
MASSIVE DAMAGE!!
It was a potion of invisibility.
You fade into invisibility!
You constrict the orc.
You kill the orc!
Something hits you.
You die...

#.....# #### #.....#
...## #.....#
##..###.....#
##..##.....########
##..#............#
##<.............#
##..###....)...# ##.#
#.....@..# #.#
#.....{).######### #.#
#........#..)....#
#..............>.....#
#.#.#........#.......#
#.#.##########.....).#
.. #......$...###### .
#..........#
#..........#


There were no monsters in sight!

Vanquished Creatures
  An adder (D:3)
  An ooze (D:1)
  2 worms (D:2)
  2 dart slugs
  2 leopard geckos
  5 orcs (D:3)
  2 ball pythons (D:1)
  4 bats
  5 giant cockroaches (D:1)
  11 goblins
  4 hobgoblins
  2 quokkas
  5 frilled lizards
  6 kobolds
  4 rats
56 creatures vanquished.

Notes
Turn   | Place    | Note
-------+----------+-------------------------------------------
     0 | D:1      | krabocopter the Octopode Assassin began the quest for the Orb.
     0 | D:1      | Reached XP level 1. HP: 14/14 MP: 1/1
   211 | D:1      | Reached XP level 2. HP: 10/19 MP: 2/2
   557 | D:1      | Reached XP level 3. HP: 24/24 MP: 3/3
   657 | D:1      | Reached skill level 6 in Stealth
  1228 | D:2      | Reached XP level 4. HP: 26/29 MP: 4/4
  1602 | D:3      | Slain by an orc wizard

Vault maps used:
D:1:      co_arrival_random_square_maze
D:2:      chequers_big_river, st_stairs_14
D:3:      kennysheep_big_flooded_room, first_bread

Skill      XL: |  1  2  3  4 |
---------------+-------------+-----
Stealth        | 6 |  6.7
Dodging        | 2 |  2.2
Short Blades   | 3 |  3.0
Fighting       | |  2.0
Throwing       | |  2.0

Action                   |  1- 3 |  4- 6 || total
-------------------------+-------+-------++-------
Melee: Dagger            |    79 |    31 ||   110
       Tentacles         |    13 |     7 ||    20
       Constrict         |    17 |     8 ||    25
  Use: Potion            |       |     1 ||     1
 Stab: Sleeping          |    15 |     2 ||    17
  Eat: Chunk             |     1 |     1 ||     2
Armor: Skin              |     6 |       ||     6
Dodge: Dodged            |    36 |    10 ||    46
